 Dungeon Crawl Stone Soup version 0.30-a0-613-gdd512c7efb (webtiles) character file.

Game seed: 17010583980078163771

46 Zonian the Sneak (level 3, -5/18 HPs)
             Began as a Vine Stalker Brigand on Jan 8, 2023.
             Slain by a gnoll
             ... wielding a +0 halberd
              (11 damage)
             ... on level 2 of the Dungeon.
             The game lasted 00:01:45 (1202 turns).

Zonian the Sneak (Vine Stalker Brigand)             Turns: 1202, Time: 00:01:46

Health: -5/18      AC:  7    Str: 13    XL:     3   Next: 66%
Magic:  0/4        EV: 10    Int: 11    God:
Gold:   102        SH:  0    Dex: 19    Spells: 2/2 levels left

rFire   . . .      SeeInvis .    a - +2 dagger
rCold   . . .      Faith    .    (no shield)
rNeg    . . .      Spirit   +    l - +1 ring mail of Diaziagh {Drain Dex+2 Stlth+}
rPois   .          Reflect  .    (no helmet)
rElec   .          Harm     .    c - +0 cloak
rCorr   .          Rampage  .    (no gloves)
Will    .....                    (no boots)
Stlth   ++++                     (no amulet)
HPRegen 0.23/turn                (no ring)
MPRegen 0.09/turn                (no ring)

@: no status effects
A: fangs 2, magic shield, antimagic bite, no potion heal 2
a: no special abilities


You were on level 2 of the Dungeon.
You visited 1 branch of the dungeon, and saw 2 of its levels.

You collected 102 gold pieces.

Inventory:

Hand Weapons
 a - a +2 dagger (weapon)
 i - a +0 sling
Missiles
 d - 11 poisoned darts (quivered)
 e - 3 curare-tipped darts
Armour
 b - a +0 robe
 c - a +0 cloak (worn)
 l - the +1 ring mail of Diaziagh (worn) {Drain Dex+2 Stlth+}
   (You found it on level 2 of the Dungeon)

   Dex:       It affects your dexterity (+2).
   Drain:     It drains your maximum health when unequipped.
   Stlth:     It makes you more stealthy.
Scrolls
 g - a scroll of enchant weapon {unknown}
 j - a scroll of identify {unknown}
Potions
 f - 3 potions of curing {unknown}
 h - a potion of invisibility {unknown}
 k - a potion of attraction {unknown}


   Skills:
 + Level 2.2 Fighting
 + Level 2.2 Short Blades
 + Level 2.2 Throwing
 + Level 1.3 Dodging
 + Level 5.2 Stealth


You had 2 spell levels left.
You didn't know any spells.
Your spell library contained the following spells:

 Spells                   Type           Power      Damage    Failure   Level
 Ignite Poison            Fire/Tmut/Pois 0%         N/A       93%         3
 Sticky Flame             Conj/Fire      0%         2d3       100%        4
 Ignition                 Fire           0%         3d3       100%        8


Dungeon Overview and Level Annotations

Branches:
Dungeon (2/15)

Altars:
Hepliaklqana

Annotations:
D:2 1 runed translucent door, Crazy Yiuf


Innate Abilities, Weirdness & Mutations

You have extremely sharp teeth.
When hurt, damage is shared between your health and your magic reserves.
Your bite disrupts and absorbs the magic of your enemies.
Potions cannot restore your health.


Message History

No target in view!
A ball python comes into view.
A ball python is nearby!
Unknown command.
The ball python barely misses you. The ball python closely misses you.
You closely miss the ball python. You bite the ball python.
You kill the ball python!
Unknown command.
A giant cockroach comes into view.
A giant cockroach is nearby!
The giant cockroach closely misses you.
You hit the giant cockroach. You bite the giant cockroach.
You kill the giant cockroach!
No target in view!
You see here a giant cockroach corpse.
You see here a giant cockroach corpse.
Found a hammer.
Found a runed translucent door.
Crazy Yiuf whimpers, "Powder aubergine forty-two!"
A gnoll comes into view. It is wielding a +0 halberd.
Unknown command.
A gnoll comes into view. It is wielding a +0 club.
A gnoll comes into view. It is wielding a +0 whip.
The gnoll moves out of view.
The gnoll hits you but does no damage.
You closely miss the gnoll.
The gnoll shouts!
Your bite misses the gnoll. The gnoll hits you with a +0 halberd!
You hit the gnoll. You bite the gnoll. You drain its power.
You feel invigorated.
The gnoll is severely wounded.
The gnoll barely misses you.
You hit the gnoll. Your bite misses the gnoll.
The gnoll is severely wounded.
The gnoll hits you with a +0 halberd!
You are too injured to fight recklessly!
You closely miss the gnoll.
The gnoll is severely wounded.
The gnoll hits you with a +0 halberd!
Ouch! That really hurt!
You die...

#.#####.# #. #....##.# #.
####.##.##########. #.
#.##............ # #.
###.##....gg.....# ####.##.
#.......##.#g####. ........
#.#.######.#g# .######. #.#.#
#.#g# #####.. #.#.# #.#@# .......
#.#.### #.#.#### ######..
#.....####.#.##.####.# ##.
###............#.....# #.
###.####....###.##.## #. #.#
##..## ##....######. ## #†#
#.#.###.#......<...
.########.#####.#..#.##...######.
..........#.......>.###...######.


You could see 4 gnolls.

Vanquished Creatures
  An adder (D:2)
  A worm (D:2)
  4 bats
  4 endoplasms (D:2)
  3 giant cockroaches
  5 hobgoblins
  4 kobolds
  2 quokkas (D:2)
  2 ball pythons (D:2)
  3 frilled lizards
  A goblin (D:2)
  A rat (D:1)
31 creatures vanquished.

Notes
Turn   | Place    | Note
-------+----------+-------------------------------------------
     0 | D:1      | Zonian the Vine Stalker Brigand began the quest for the
                  | Orb.
     0 | D:1      | Reached XP level 1. HP: 11/11 MP: 2/2
   162 | D:1      | Reached skill level 1 in Dodging
   162 | D:1      | Reached XP level 2. HP: 15/15 MP: 3/3
   185 | D:1      | Reached skill level 5 in Stealth
   345 | D:1      | Found a faded altar of an unknown god.
   607 | D:2      | Identified the +1 ring mail of Diaziagh {Drain Dex+2
                  | Stlth+}
   770 | D:2      | Reached XP level 3. HP: 15/18 MP: 4/4
   772 | D:2      | Found a hazy altar of Hepliaklqana.
  1133 | D:2      | Found a runed translucent door.
  1134 | D:2      | Noticed Crazy Yiuf
  1202 | D:2      | Slain by a gnoll

Illustrated notes

Levels and vault maps discovered:
D:1:      lemuel_arrival_lava_pool, layout_basic, ebering_ecumenical_altar_rust
D:2:      layout_loops_ring, basic_altar, uniq_crazy_yiuf_cottage

Skill      XL: |  1  2 |
---------------+-------+-----
Dodging        | 1 |  1.3
Fighting       | 2 |  2.2
Stealth        | 5 |  5.2
Short Blades   | 2 |  2.2
Throwing       | 2 |  2.2

Action                   || total
-------------------------++-------
Melee: Dagger            ||    64
       Bite              ||    16
 Stab: Sleeping          ||    10
Armor: Robe              ||    12
       Ring mail         ||    12
Dodge: Dodged            ||    19

Table legend: (Time is in decaauts)
 A = Elapsed time spent in this place.
 B = Non-inter-level travel time spent in this place.
 C = Inter-level travel time spent in this place.
 D = Time resting spent in this place.
 E = Time spent auto-exploring this place.
 F = Levels seen in this place.
 G = Mean time per level.
                   A        B        C        D        E       F      G
               +--------+--------+--------+--------+--------+-----+--------+
         Total |   1195 |   1159 |     36 |      0 |    906 |   2 |  597.5 |
       Dungeon |   1195 |   1159 |     36 |      0 |    906 |   2 |  597.5 |
               +--------+--------+--------+--------+--------+-----+--------+

Top non-repeatable levels by time:
     D:2: 632 daAuts
     D:1: 563 daAuts
